[Event "ICC Open 2015"]
[Site "Internet Chess Club"]
[Date "2015.05.30"]
[Round "3"]
[White "TacticsTime"]
[Black "jugador"]
[Result "0-1"]
[ICCResult "White forfeits on time"]
[WhiteElo "1305"]
[BlackElo "1687"]
[Opening "Sicilian: closed"]
[ECO "B23"]
[NIC "SI.44"]
[Time "14:27:26"]
[TimeControl "180+0"]

1. e4 c5 2. Nc3 g6 3. f4 Bg7 4. Bc4 Nc6 5. Nf3 d6 6. f5 gxf5 7. d3 fxe4 8.
dxe4 Nf6 9. O-O Bg4 10. Qe1 Nd4 11. Nxd4 cxd4 12. Nd5 Nxd5 13. Bxd5 e6 14.
Bxb7 Rb8 15. Bc6+ Kf8 16. Qg3 Bh5 17. Rf4 Be5 18. Qh4 Bxf4 19. Qxf4 Bg6 20.
Qh6+ Kg8 21. Bg5 f6 22. Bh4 Rxb2 23. Rf1 Qf8 24. Qf4 f5 25. exf5 Bxf5 26. g4
Qg7 27. h3 h5 28. Qxd6 hxg4 29. Qd8+ Kh7 30. hxg4 Qxg4+ 31. Kh1 Qh3+ 32. Kg1
Rg8+ 33. Kf2 Rxd8 34. Rg1 Rxc2+ 35. Ke1 Qe3+ {White forfeits on time} 0-1

[Event "ICC Open 2015"]
[Site "Internet Chess Club"]
[Date "2015.05.30"]
[Round "3"]
[White "Pantani"]
[Black "mockingbird"]
[Result "1-0"]
[ICCResult "Black forfeits on time"]
[WhiteElo "2998"]
[BlackElo "2294"]
[Opening "QGD: classical variation (5.Bf4)"]
[ECO "D37"]
[NIC "QP.08"]
[Time "14:26:41"]
[TimeControl "180+0"]

1. d4 d5 2. c4 e6 3. Nf3 Nf6 4. Nc3 Be7 5. Bf4 O-O 6. a3 Ne4 7. Qc2 Nxc3 8.
bxc3 Nc6 9. e3 Na5 10. cxd5 exd5 11. Bd3 h6 12. O-O b6 13. Ne5 c5 14. Rad1
c4 15. Bh7+ Kh8 16. Bf5 Bxf5 17. Qxf5 Kg8 18. e4 dxe4 19. Qxe4 Bxa3 20. d5
Bd6 21. Nc6 Qc7 22. Bxd6 Qxd6 23. Nxa5 bxa5 24. Qxc4 Rac8 25. Qd4 Rc5 26.
Rd3 Rfc8 27. Rfd1 Rc4 28. Qxa7 Rxc3 29. Rxc3 Rxc3 30. Qxa5 Rc5 31. Qa3 Kh7
32. g3 g6 33. h4 Kg7 34. Kh2 g5 35. h5 Kh7 36. Qd3+ Kg7 37. Qf5 Qf6 38.
Qxf6+ Kxf6 39. d6 Rc8 40. d7 Rd8 41. Rd6+ Ke5 42. Rxh6 Rxd7 43. Rh7 Kf6 44.
Kh3 Rd4 45. f3 Rd3 46. Kg4 Rd4+ 47. f4 gxf4 48. gxf4 Rd1 49. Rh6+ Kg7 50.
Rb6 Rg1+ 51. Kf5 Rh1 52. Kg5 Rg1+ 53. Kf5 Rh1 54. Kg4 Rg1+ 55. Kf3 Rh1 56.
Rb5 Kh6 57. Rf5 Kg7 58. Rg5+ Kf6 59. Kg4 Rg1+ 60. Kh4 Rh1+ 61. Kg3 Rg1+ 62.
Kh4 Rh1+ 63. Kg4 Rg1+ 64. Kf3 Rh1 65. Rg4 Rh3+ 66. Ke4 Rxh5 67. Rg5 Rh6 68.
Rf5+ {Black forfeits on time} 1-0

[Event "ICC Open 2015"]
[Site "Internet Chess Club"]
[Date "2015.05.30"]
[Round "3"]
[White "fviana"]
[Black "ALexiz"]
[Result "1-0"]
[ICCResult "Black forfeits on time"]
[WhiteElo "2315"]
[BlackElo "1805"]
[Opening "Sicilian"]
[ECO "B50"]
[NIC "SI.01"]
[Time "14:26:52"]
[TimeControl "180+0"]

1. e4 c5 2. Nf3 d6 3. b3 Nf6 4. Bb5+ Bd7 5. Qe2 Nc6 6. Bb2 a6 7. Bxc6 Bxc6
8. d3 e6 9. O-O Be7 10. Nbd2 O-O 11. d4 Rc8 12. c4 cxd4 13. Nxd4 Qb6 14.
Rac1 Rfd8 15. Rfd1 Qa5 16. a3 h6 17. b4 Qc7 18. f3 Qb8 19. Nf1 Ba4 20. Rd2
Qa7 21. Kh1 e5 22. Nf5 Bf8 23. N1e3 Bc6 24. Rdc2 b6 25. Qd2 Ba4 26. Rc3 Be8
27. g4 Nh7 28. h3 Ng5 29. Kg2 Ne6 30. Nd5 Nc7 31. R1c2 Nxd5 32. cxd5 Rxc3
33. Qxc3 b5 34. Qc7 Qb8 35. Bc1 Kh7 36. h4 g6 37. Ne3 Bd7 38. Qxb8 Rxb8 39.
Rc7 Bc8 40. Bd2 Kg8 41. Kf2 Bg7 42. Ke2 Kf8 43. Kd3 Ke8 44. h5 Bd7 45. hxg6
fxg6 46. Ng2 Kd8 47. Rc3 g5 48. Ne3 Rc8 49. Nf5 Bxf5 50. exf5 Rxc3+ 51. Bxc3
Bf6 52. Ke4 Kc7 53. Be1 Kb6 54. Bf2+ Kb7 55. Be3 Kc7 56. Bd2 Kb7 57. Bc1 Kc7
58. Be3 Kb7 59. Bf2 Kc7 60. Bc5 Kb7 61. Bxd6 Kb6 62. Bxe5 Bd8 63. Bg7
{Black forfeits on time}
1-0

[Event "ICC Open 2015"]
[Site "Internet Chess Club"]
[Date "2015.05.30"]
[Round "3"]
[White "pagoda"]
[Black "BlueGreen"]
[Result "0-1"]
[ICCResult "White forfeits on time"]
[WhiteElo "1938"]
[BlackElo "2611"]
[Opening "Giuoco Pianissimo: Italian four knights variation"]
[ECO "C26"]
[NIC "VG.02"]
[Time "14:27:31"]
[TimeControl "180+0"]

1. Nc3 e5 2. e4 Nf6 3. Bc4 Bc5 4. Nf3 Nc6 5. d3 O-O 6. O-O d6 7. Be3 Bb6 8.
h3 h6 9. a4 Be6 10. Bxe6 fxe6 11. d4 exd4 12. Nxd4 Qd7 13. Nxc6 Bxe3 14. Ne5
Bxf2+ 15. Rxf2 dxe5 16. Rd2 Qe7 17. Qe2 Rad8 18. Rad1 Rxd2 19. Rxd2 Qc5+ 20.
Kh2 Kh7 21. Rd3 a6 22. Qe3 Qxe3 23. Rxe3 Rd8 24. Re2 Nh5 25. g3 Nf6 26. Kg2
Rd4 27. Kf3 g5 28. Ke3 c5 29. Rf2 Kg6 30. Re2 b6 31. Kf3 h5 32. g4 hxg4+ 33.
hxg4 Rb4 34. b3 b5 35. axb5 axb5 36. Rd2 Kf7 37. Rd6 Rd4 38. Rxd4 exd4 39.
Nxb5 Ke7 40. b4 cxb4 41. Nxd4 Kd6 42. Ne2 Ke5 43. Nc1 Kd4 44. Ne2+ Kc4 45.
e5 Nd5 46. Ke4 Nc3+ 47. Ke3 Nxe2 48. Kxe2 Kc3 49. Kd1 Kd4 50. Kd2 Kxe5 51.
Kd3 Kf4 52. Kc4 e5 53. Kxb4 e4 54. c4 e3 55. Kc3 Kf3 56. c5 e2 57. Kd4 e1=Q
58. Kd5 Qc1 59. Kd6 Kxg4 60. c6 Kf4 61. Kd7 Qxc6+ 62. Kxc6 g4
{White forfeits on time}
0-1

[Event "ICC Open 2015"]
[Site "Internet Chess Club"]
[Date "2015.05.30"]
[Round "3"]
[White "Jack-Daniels"]
[Black "littlecaesar"]
[Result "1-0"]
[ICCResult "Black resigns"]
[WhiteElo "2910"]
[BlackElo "2503"]
[Opening "QGD: semi-Slav, Noteboom variation"]
[ECO "D31"]
[NIC "SL.06"]
[Time "14:27:33"]
[TimeControl "180+0"]

1. d4 e6 2. c4 d5 3. Nc3 c6 4. Nf3 dxc4 5. e3 b5 6. a4 Bb4 7. Bd2 Bb7 8.
axb5 Bxc3 9. Bxc3 cxb5 10. b3 a5 11. bxc4 b4 12. Bb2 Nf6 13. Bd3 Ne4 14.
Qa4+ Nd7 15. Ne5 Nf6 16. Qb5 Bxg2 17. Rg1 Rb8 18. Qxa5 Qxa5 19. Rxa5 Ra8 20.
Rxa8+ Bxa8 21. Nxd7 Nxd7 22. Rxg7 h5 23. Bc2 Kf8 24. Rg5 Rh6 25. Ra5 Bf3 26.
Rb5 h4 27. Rxb4 Rh5 28. Rb5 f5 29. d5 exd5 30. cxd5 Rg5 31. Rb7 Nc5 32. Ba3
Rg1+ 33. Kd2 Bxd5 34. Bxc5+ Ke8 35. Ba4+ Kd8 36. Rd7+ {Black resigns} 1-0

[Event "ICC Open 2015"]
[Site "Internet Chess Club"]
[Date "2015.05.30"]
[Round "3"]
[White "Steingrim89"]
[Black "cirobur"]
[Result "0-1"]
[ICCResult "White checkmated"]
[WhiteElo "1584"]
[BlackElo "1115"]
[Opening "Old Benoni defense"]
[ECO "A43"]
[NIC "OI.09"]
[Time "14:26:53"]
[TimeControl "180+0"]

1. d4 c5 2. Nf3 cxd4 3. Nxd4 Nc6 4. Nxc6 bxc6 5. c4 Ba6 6. e3 d5 7. Qc2 dxc4
8. Bxc4 Bxc4 9. Qxc4 Qc7 10. O-O e6 11. Nc3 Nf6 12. b3 Bd6 13. h3 O-O 14.
Ne4 Nxe4 15. Qxe4 Rfe8 16. Bb2 Rad8 17. Qg4 g6 18. Rac1 Qe7 19. Qd4 Bh2+ 20.
Kxh2 Rxd4 21. Bxd4 Qd6+ 22. Kg1 e5 23. Bb2 a6 24. Rfd1 Qc7 25. Rc2 Rd8 26.
Rcd2 Rxd2 27. Rxd2 f5 28. Kf1 f4 29. e4 Qa5 30. Bc1 Kf7 31. Kg1 Ke6 32. Rc2
Qb4 33. f3 a5 34. Kh2 c5 35. Rc4 Qe1 36. Ba3 Qg3+ 37. Kh1 g5 38. Rxc5 h5 39.
Rc6+ Kd7 40. Rd6+ Kc8 41. Rd5 g4 42. hxg4 hxg4 43. fxg4 Qxg4 44. Rxa5 f3 45.
gxf3 Qxf3+ 46. Kh2 Qxe4 47. Rc5+ Kb7 48. Rc4 Qe2+ 49. Kh3 Qxa2 50. Bc5 Qxb3+
51. Kg4 Qxc4+ 52. Kf5 Qxc5 53. Ke4 Qd6 54. Ke3 Kc6 55. Ke4 Kc5 56. Ke3 Qd4+
57. Kf3 Kc4 58. Kg3 Kd3 59. Kg2 Ke2 60. Kh1 Qg4 61. Kh2 Kf2 62. Kh1 Qg2#
{White checkmated}
0-1

[Event "ICC Open 2015"]
[Site "Internet Chess Club"]
[Date "2015.05.30"]
[Round "3"]
[White "Kempka"]
[Black "Massarioli"]
[Result "1-0"]
[ICCResult "Black resigns"]
[WhiteElo "2752"]
[BlackElo "2155"]
[Opening "QGD Slav: 4.e3"]
[ECO "D11"]
[NIC "SL.01"]
[Time "14:29:58"]
[TimeControl "180+0"]

1. d4 d5 2. c4 c6 3. e3 Nf6 4. Nf3 a6 5. Nc3 b5 6. c5 Bg4 7. Qb3 Bxf3 8.
gxf3 e6 9. a4 Nbd7 10. Na2 Be7 11. Nb4 Qc8 12. Qa3 O-O 13. axb5 axb5 14.
Qxa8 Qxa8 15. Rxa8 Rxa8 16. Nxc6 Kf8 17. Bxb5 Nb8 18. Nxe7 Kxe7 19. Kd2 Ra7
20. Kc2 Rb7 21. Ba4 Rb4 22. b3 e5 23. Ba3 {Black resigns} 1-0

[Event "ICC Open 2015"]
[Site "Internet Chess Club"]
[Date "2015.05.30"]
[Round "3"]
[White "Hobaica"]
[Black "delerio"]
[Result "1-0"]
[ICCResult "Black resigns"]
[WhiteElo "2262"]
[BlackElo "2588"]
[Opening "French: Burn variation"]
[ECO "C11"]
[NIC "FR.05"]
[Time "14:27:44"]
[TimeControl "180+0"]

1. e4 e6 2. d4 d5 3. Nc3 Nf6 4. Bg5 dxe4 5. Nxe4 Be7 6. Bxf6 gxf6 7. Nf3 f5
8. Nc3 b6 9. Bb5+ c6 10. Bd3 Ba6 11. Bxa6 Nxa6 12. Qe2 Nc7 13. Qc4 c5 14.
dxc5 Bxc5 15. Rd1 Qe7 16. Qa4+ Kf8 17. Rd7 Qf6 18. Rxc7 a5 19. Qc6 Kg7 20.
O-O Rhd8 21. Na4 Rab8 22. Nxc5 bxc5 23. b3 Rd5 24. a4 Rbd8 25. h4 Rd1 26.
Rxd1 Rxd1+ 27. Kh2 Rd5 28. Ng5 Qe5+ 29. g3 Rd6 30. Qe8 Rd2 31. Qxf7+
{Black resigns}
1-0

[Event "ICC Open 2015"]
[Site "Internet Chess Club"]
[Date "2015.05.30"]
[Round "3"]
[White "sissystiger"]
[Black "Estocolmov"]
[Result "1-0"]
[ICCResult "Black forfeits on time"]
[WhiteElo "1799"]
[BlackElo "2247"]
[Opening "Queen's pawn, Mason variation"]
[ECO "D00"]
[NIC "QP.08"]
[Time "14:27:11"]
[TimeControl "180+0"]

1. d4 d5 2. Bf4 Bf5 3. e3 e6 4. Nf3 Nf6 5. Bd3 Ne4 6. Nbd2 Bd6 7. Bxd6 Qxd6
8. Ne5 O-O 9. f3 Nxd2 10. Qxd2 Bxd3 11. Qxd3 c5 12. c3 f6 13. Ng4 e5 14. Nf2
cxd4 15. cxd4 exd4 16. Qxd4 Nc6 17. Qd2 d4 18. O-O Rfd8 19. e4 Ne5 20. Nd3
Nc4 21. Qb4 Qxb4 22. Nxb4 Ne3 23. Rf2 Rac8 24. Nd3 Rc4 25. Rd2 Rdc8 26. Ne1
Rc1 27. Rxc1 Rxc1 28. Kf2 Kf7 29. Rxd4 Rxe1 30. Rd7+ Ke6 31. Rxb7 Nc2 32.
Rxa7 Ra1 33. a3 f5 34. Rxg7 fxe4 35. fxe4 Ra2 36. Rb7 h5 37. h3 Nd4 38. Ke3
Nc6 39. Rb6 Kd6 40. g4 hxg4 41. hxg4 Ra1 42. g5 Kc5 43. Rb7 Re1+ 44. Kf4 Rg1
45. Kf5 Kd6 46. Rb6 Rf1+ 47. Kg6 Kc5 48. Ra6 Re1 49. Kf5 Rxe4 50. Kxe4
{Black forfeits on time}
1-0

[Event "ICC Open 2015"]
[Site "Internet Chess Club"]
[Date "2015.05.30"]
[Round "3"]
[White "eddington"]
[Black "HardAsfalt"]
[Result "1-0"]
[ICCResult "Black checkmated"]
[WhiteElo "2159"]
[BlackElo "1703"]
[Opening "Ruy Lopez: Berlin defense, Beverwijk variation"]
[ECO "C65"]
[NIC "RL.07"]
[Time "14:27:23"]
[TimeControl "180+0"]

1. e4 e5 2. Nf3 Nc6 3. Bb5 Nf6 4. O-O Bc5 5. Re1 a6 6. Ba4 b5 7. Bb3 O-O 8.
c3 a5 9. d4 exd4 10. cxd4 Bb4 11. Nc3 a4 12. Bc2 d5 13. e5 Ng4 14. h3 f5 15.
Bg5 Qe8 16. hxg4 fxg4 17. Nh4 Qh5 18. Qd3 Qxg5 19. Qxh7+ Kf7 20. Bg6+ Ke6
21. Nxd5 Kxd5 22. Be4+ Ke6 23. d5+ Kd7 24. dxc6+ Ke8 25. Bg6+ Ke7 26. Rf1
Be6 27. Qxg7+ Bf7 28. Nf5+ Ke6 29. Bxf7+ Rxf7 30. Qxg5 Rxf5 31. Qg6+ Kxe5
32. Rae1+ Bxe1 33. Rxe1+ Kf4 34. g3+ Kf3 35. Re3# {Black checkmated} 1-0

[Event "ICC Open 2015"]
[Site "Internet Chess Club"]
[Date "2015.05.30"]
[Round "3"]
[White "romeomelgosa"]
[Black "Hareaum"]
[Result "1/2-1/2"]
[ICCResult "White ran out of time and Black has no material to mate"]
[WhiteElo "2174"]
[BlackElo "1759"]
[Opening "Scandinavian: Marshall variation"]
[ECO "B01"]
[NIC "SD.03"]
[Time "14:26:50"]
[TimeControl "180+0"]

1. e4 d5 2. exd5 Nf6 3. d4 Nxd5 4. Nf3 c6 5. Be2 Bg4 6. c4 Nf6 7. h3 Bh5 8.
O-O e6 9. Nc3 Bb4 10. Qb3 Bxc3 11. bxc3 Qb6 12. Qa3 Nbd7 13. Bf4 Qd8 14.
Rab1 b6 15. Rfe1 Bg6 16. Rb2 Qe7 17. Bd6 Qd8 18. Ne5 Nxe5 19. dxe5 Ne4 20.
Bf3 Nxd6 21. Bxc6+ Kf8 22. Bxa8 Qxa8 23. exd6 h6 24. Rxb6 Kg8 25. Ra6 Kh7
26. Rxa7 Qc6 27. Qb4 Rd8 28. c5 Be4 29. Qxe4+ Qxe4 30. Rxe4 Kg6 31. Rg4+ Kf6
32. Rf4+ Ke5 33. Rf6 Kd5 34. Rfxf7 Kxc5 35. Rxg7 Kxd6 36. Rgb7 Ke5 37. Ra5+
Kf6 38. Rb4 Rd1+ 39. Kh2 h5 40. Rf4+ Kg6 41. Rh4 e5 42. Rc4 Kf5 43. Rcc5 Re1
44. Rxe5+ Rxe5 45. Rxe5+ Kxe5 46. g4 Kf4 47. gxh5 Kg5 48. h6 Kh5 49. c4 Kxh6
50. c5 Kg7 51. c6 Kf7 {White ran out of time and Black has no material to
mate} 1/2-1/2

[Event "ICC Open 2015"]
[Site "Internet Chess Club"]
[Date "2015.05.30"]
[Round "3"]
[White "GeneraLisimus"]
[Black "Linkmus"]
[Result "1/2-1/2"]
[ICCResult "Game drawn by repetition"]
[WhiteElo "3226"]
[BlackElo "2720"]
[Opening "Giuoco Piano"]
[ECO "C54"]
[NIC "IG.02"]
[Time "14:27:22"]
[TimeControl "180+0"]

1. e4 e5 2. Nf3 Nc6 3. Bc4 Bc5 4. c3 Nf6 5. d3 d6 6. Bb3 a6 7. O-O Ba7 8. h3
h6 9. Re1 O-O 10. Nbd2 Re8 11. Nf1 Be6 12. N3h2 d5 13. Qf3 dxe4 14. dxe4
Bxb3 15. axb3 Qe7 16. Ng3 Qe6 17. Nf5 Ne7 18. Nxe7+ Rxe7 19. b4 Bb6 20. Nf1
Rd8 21. Ng3 Red7 22. Nf5 Ne8 23. Qg3 Kh7 24. Be3 Bxe3 25. Nxe3 Rd2 26. Rab1
Nf6 27. Qf3 R8d3 28. Re2 Rxe2 29. Qxe2 Rd7 30. Qc2 g6 31. Ra1 Kg7 32. Ra5 c6
33. b3 Ne8 34. Nc4 f6 35. Qe2 Nd6 36. Nb6 Rd8 37. c4 Nf7 38. Ra1 Qe7 39. c5
Rd4 40. Nc4 Ng5 41. f3 Ne6 42. Kh2 Nf4 43. Qe3 Rd3 44. Qe1 Rxb3 45. Rd1 Rd3
46. Rxd3 Nxd3 47. Qd2 Nf4 48. Na5 Ne6 49. Qc3 Nd4 50. Qc4 h5 51. Qc3 h4 52.
Qc4 f5 53. exf5 gxf5 54. Qc1 Kg6 55. Qe3 Qc7 56. Kh1 f4 57. Qe4+ Kg5 58. Nc4
Kf6 59. Nd6 Qd7 60. Qd3 Nf5 61. Ne4+ Ke7 62. Qc3 Qd4 63. Qb3 Ng3+ 64. Kh2
Nf1+ 65. Kh1 Ng3+ 66. Kh2 Qa1 67. Nf2 Nf1+ 68. Kg1 Ne3+ 69. Kh2 Qf1 70. Qg8
Qxf2 71. Qg7+ Ke6 72. Qg8+ Kf6 73. Qf8+ Kg6 74. Qg8+ Kf6 75. Qf8+ Ke6 76.
Qg8+ Ke7 77. Qg7+ Kd8 78. Qf8+ Kd7 79. Qf7+ Kd8 80. Qf8+ Kd7 81. Qf7+ Kd8
82. Qf8+ Kd7 83. Qf7+ Kd8 84. Qf8+ Kc7 85. Qd6+ Kc8 86. Qf8+ Kc7 87. Qd6+
Kc8 88. Qf8+ Kd7 89. Qf7+ Kd8 90. Qf8+ Kd7 91. Qf7+ Kd8 92. Qf8+
{Game drawn by repetition}
1/2-1/2

[Event "ICC Open 2015"]
[Site "Internet Chess Club"]
[Date "2015.05.30"]
[Round "3"]
[White "gbray"]
[Black "bc18917"]
[Result "1-0"]
[ICCResult "Black resigns"]
[WhiteElo "2225"]
[BlackElo "1758"]
[Opening "Sicilian: Hungarian variation"]
[ECO "B27"]
[NIC "SI.43"]
[Time "14:27:55"]
[TimeControl "180+0"]

1. e4 c5 2. Nf3 g6 3. d4 cxd4 4. Qxd4 Nf6 5. e5 Nc6 6. Qa4 Nd5 7. Nc3 Nxc3
8. bxc3 Bg7 9. Bf4 O-O 10. Bb5 d6 11. Bxc6 bxc6 12. O-O Bg4 13. exd6 Bxf3
14. dxe7 Qxe7 15. gxf3 Qf6 16. Rad1 Qxc3 17. Rd3 Qf6 18. Bg3 Rfd8 19. Rfd1
Rxd3 20. Rxd3 Rd8 21. Rxd8+ Qxd8 22. Qxc6 h5 23. Kg2 h4 24. Bf4 Qd4 25. Qe8+
Kh7 26. Qxf7 Qb2 27. Qc4 Qa1 28. Be3 h3+ 29. Kxh3 Qf1+ 30. Qxf1 {Black
resigns} 1-0

[Event "ICC Open 2015"]
[Site "Internet Chess Club"]
[Date "2015.05.30"]
[Round "3"]
[White "Federicov"]
[Black "yummy2"]
[Result "0-1"]
[ICCResult "White checkmated"]
[WhiteElo "3077"]
[BlackElo "2699"]
[Opening "Sicilian defense"]
[ECO "B40"]
[NIC "SI.43"]
[Time "14:27:46"]
[TimeControl "180+0"]

1. e4 c5 2. Nf3 e6 3. g3 Nf6 4. Qe2 Nc6 5. Bg2 Be7 6. O-O O-O 7. c3 d5 8. e5
Nd7 9. d4 b6 10. Be3 a5 11. Rd1 Ba6 12. Qe1 Qc7 13. Nbd2 Rae8 14. a3 f6 15.
exf6 Bxf6 16. Bf4 e5 17. dxe5 Ndxe5 18. Nxe5 Nxe5 19. Bxd5+ Kh8 20. Qe3 Qc8
21. Ne4 Nc4 22. Bxc4 Bxc4 23. Nd6 Rxe3 24. Nxc8 Re6 25. Nd6 Bb3 26. Re1
Rxe1+ 27. Rxe1 h6 28. Re8 Kg8 29. Rxf8+ Kxf8 30. Ne4 Bd8 31. Be5 Bd5 32. f3
h5 33. Kf2 g6 34. Ke3 Kf7 35. Nd2 Ke6 36. f4 b5 37. h3 b4 38. c4 Bg2 39. Ne4
Bxh3 40. Ng5+ Bxg5 41. Bc7 bxa3 42. bxa3 Be7 43. Bxa5 Bf1 44. Bc3 Bxc4 45.
a4 Ba6 46. a5 Kf5 47. Kf2 h4 48. Kf3 hxg3 49. Kxg3 Bd6 50. Bd2 c4 51. Kf3
Bb7+ 52. Kg3 g5 53. Bc3 gxf4+ 54. Kf2 Bc5+ 55. Ke2 f3+ 56. Ke1 Ke4 57. Kf1
Kd3 58. Be1 c3 59. a6 Bxa6 60. Bd2 Kxd2# {White checkmated} 0-1

[Event "ICC Open 2015"]
[Site "Internet Chess Club"]
[Date "2015.05.30"]
[Round "3"]
[White "suilven"]
[Black "ural"]
[Result "0-1"]
[ICCResult "White forfeits on time"]
[WhiteElo "1895"]
[BlackElo "2402"]
[Opening "Scandinavian (center counter) defense"]
[ECO "B01"]
[NIC "SD.01"]
[Time "14:27:22"]
[TimeControl "180+0"]

1. e4 d5 2. exd5 Qxd5 3. Nc3 Qa5 4. Nf3 Nf6 5. d3 Nc6 6. Bf4 Bg4 7. Be2
O-O-O 8. h3 Bxf3 9. Bxf3 Nd4 10. O-O e5 11. Bg5 Be7 12. Re1 h6 13. Be3 Nxf3+
14. Qxf3 Bd6 15. Ne4 Nxe4 16. Qxe4 g6 17. Rab1 f5 18. Qc4 Kb8 19. b4 Qa4 20.
Bc5 Qc6 21. Bxd6 Qxc4 22. dxc4 cxd6 23. c5 Rhe8 24. cxd6 Rxd6 25. Rbd1 Kc7
26. c4 b6 27. Kf1 e4 28. Ke2 Red8 29. Rxd6 Rxd6 30. Rc1 Rd3 31. c5 Ra3 32.
cxb6+ Kxb6 33. Rc2 Kb5 34. h4 Kxb4 35. Rc6 Rxa2+ 36. Ke3 g5 37. Rxh6 Ra3+
38. Kd4 gxh4 39. Rxh4 Ra5 40. Rh7 a6 41. g4 fxg4 42. Kxe4 Rg5 43. Kf4 Rg8
44. Ra7 a5 45. f3 g3 {White forfeits on time} 0-1

[Event "ICC Open 2015"]
[Site "Internet Chess Club"]
[Date "2015.05.30"]
[Round "3"]
[White "Doondoon"]
[Black "RaptureMan"]
[Result "0-1"]
[ICCResult "White forfeits on time"]
[WhiteElo "1785"]
[BlackElo "2224"]
[Opening "Benoni defense"]
[ECO "A56"]
[NIC "OI.06"]
[Time "14:27:18"]
[TimeControl "180+0"]

1. d4 Nf6 2. c4 c5 3. Nc3 g6 4. b3 Bg7 5. Bb2 O-O 6. e3 cxd4 7. Qxd4 Nc6 8.
Qd2 d6 9. Bd3 a6 10. Nge2 Be6 11. O-O Qa5 12. Rac1 Rfc8 13. Bb1 Rab8 14.
Rfd1 b5 15. cxb5 axb5 16. e4 b4 17. Na4 Na7 18. Bd4 Nb5 19. Be3 Ng4 20. Bg5
Kf8 21. h3 Nf6 22. Be3 Nd7 23. Nd4 Nxd4 24. Bxd4 Ne5 25. f4 Nd7 26. Bxg7+
Kxg7 27. Qd4+ Kg8 28. f5 gxf5 29. exf5 Bxf5 30. Qe3 Qe5 31. Qg5+ Bg6 32. Qg4
Rd8 33. Rc7 Nf6 34. Qf3 Rbc8 35. Bxg6 hxg6 36. Rdc1 Rxc7 37. Rxc7 Qd4+ 38.
Kh2 Qe5+ 39. Kg1 Kf8 40. Qb7 Re8 41. Kh1 Ne4 42. Nb6 Ng3+ 43. Kg1 Qe3+ 44.
Kh2 Ne4 45. h4 Qg3+ {White forfeits on time} 0-1

[Event "ICC Open 2015"]
[Site "Internet Chess Club"]
[Date "2015.05.30"]
[Round "3"]
[White "saya"]
[Black "Glamurius"]
[Result "1-0"]
[ICCResult "Black forfeits on time"]
[WhiteElo "2559"]
[BlackElo "3019"]
[Opening "Nimzo-Indian: e3, Hübner variation"]
[ECO "E41"]
[NIC "NI.14"]
[Time "14:26:45"]
[TimeControl "180+0"]

1. d4 Nf6 2. c4 e6 3. Nc3 Bb4 4. e3 c5 5. Nf3 d6 6. Bd3 Bxc3+ 7. bxc3 Nc6 8.
O-O e5 9. e4 h6 10. d5 Ne7 11. Rb1 g5 12. Ne1 Ng6 13. g3 Qd7 14. f3 Qh3 15.
Qe2 Kd8 16. Qg2 Qxg2+ 17. Nxg2 Kc7 18. f4 gxf4 19. gxf4 Nh5 20. fxe5 Nxe5
21. Be2 Ng7 22. Bf4 Nd7 23. Bg3 Rf8 24. Ne3 h5 25. Rf2 f6 26. Rbf1 Re8 27.
Bd3 b6 28. Ng2 Ba6 29. Nh4 Rg8 30. Kh1 Rae8 31. Rg1 Ref8 32. Bf4 Ne8 33.
Rxg8 Rxg8 34. Nf5 Ne5 35. Bxe5 fxe5 36. h3 Kd7 37. Kh2 Rg6 38. Ng3 Nf6 39.
Rf5 h4 40. Nh1 Ke7 41. Rf3 Rg5 42. Nf2 Bc8 43. Nd1 Bd7 44. Ne3 Nh5 45. Bf1
Nf4 46. Nd1 Be8 47. Nf2 Bh5 48. Re3 Kf6 49. a4 a6 50. Re1 Rg7 51. a5 bxa5
52. Ra1 Ra7 53. Rxa5 Ke7 54. Nd3 Kd7 55. Nxf4 exf4 56. Kg2 Kc7 57. Kf2 Kb6
58. Ra1 a5 59. Rb1+ Kc7 60. Be2 a4 61. Bxh5 a3 62. Ra1 a2 63. Bd1 Ra3 64.
Ke2 Kd7 65. Kd2 Ke7 66. Kc2 Ra8 67. Kb2 Rb8+ 68. Bb3 Kf6 69. Rxa2 Ke5 70.
Ra1 Kxe4 71. Re1+ Kd3 72. Rd1+ Ke2 73. Rg1 f3 74. Kc2 f2 75. Rh1 f1=Q 76.
Rxf1 Kxf1 77. Ba4 Kf2 78. Bc6 Kg3 79. Kd3 Kg2 80. Ke4 Kg3 81. Kf5 Re8 82.
Kf6 Re5 83. Kf7 Kxh3 84. Bd7+ Kg3 85. Be6 h3 86. Ke7 h2 87. Kxd6 h1=Q 88.
Kxe5 Qf3 89. Kd6 Qe3 90. Kc6 Qxc3 91. Bd7 Qd4 92. d6 Qe4+ 93. Kxc5 Qe5+ 94.
Kc6 Qe4+ 95. Kc7 Kf4 96. Kd8 Qd4 97. Be8 {Black forfeits on time} 1-0

[Event "ICC Open 2015"]
[Site "Internet Chess Club"]
[Date "2015.05.30"]
[Round "3"]
[White "QuintilianoR"]
[Black "Inmune"]
[Result "0-1"]
[ICCResult "White resigns"]
[WhiteElo "2511"]
[BlackElo "3000"]
[Opening "Bogo-Indian defense, Grünfeld variation"]
[ECO "E11"]
[NIC "QI.01"]
[Time "14:28:00"]
[TimeControl "180+0"]

1. d4 Nf6 2. c4 e6 3. Nf3 Bb4+ 4. Nbd2 O-O 5. a3 Bxd2+ 6. Bxd2 b6 7. Bg5 Bb7
8. e3 d6 9. Bd3 Nbd7 10. O-O h6 11. Bh4 c5 12. Rc1 Re8 13. Nd2 Rc8 14. f3
Qc7 15. Nb1 cxd4 16. exd4 d5 17. Bg3 Qd8 18. b3 Qe7 19. Re1 Red8 20. Qd2 a5
21. Nc3 dxc4 22. bxc4 Ba6 23. Ne4 Nxe4 24. fxe4 e5 25. Qb2 exd4 26. e5 Nc5
27. Bf5 Ra8 28. Qxb6 Ne6 29. c5 d3 30. Red1 Nd4 31. Bg4 Ne2+ 32. Bxe2 dxe2
33. Rd6 Rxd6 34. cxd6 Qe6 35. Re1 Qc4 36. Qxa5 Qd4+ 37. Bf2 Qe4 38. Qc5 Bb7
{White resigns}
0-1

[Event "ICC Open 2015"]
[Site "Internet Chess Club"]
[Date "2015.05.30"]
[Round "3"]
[White "MTurov"]
[Black "garompon"]
[Result "1-0"]
[ICCResult "Black forfeits on time"]
[WhiteElo "3055"]
[BlackElo "2554"]
[Opening "Nimzo-Indian: classical variation"]
[ECO "E32"]
[NIC "NI.20"]
[Time "14:27:49"]
[TimeControl "180+0"]

1. d4 Nf6 2. c4 e6 3. Nc3 Bb4 4. Qc2 O-O 5. a3 Bxc3+ 6. Qxc3 b6 7. Bg5 Ba6
8. Qf3 Nc6 9. e3 Bb7 10. Qd1 h6 11. Bh4 g5 12. Bg3 Ne4 13. Bd3 Nxg3 14. hxg3
Kg7 15. Ne2 f5 16. Qc2 Qf6 17. O-O-O d6 18. Nc3 a6 19. f4 g4 20. d5 Ne7 21.
e4 exd5 22. Nxd5 Nxd5 23. cxd5 Rac8 24. exf5 c6 25. Qe2 cxd5+ 26. Kb1 Kh7
27. Rh4 Rce8 28. Qxg4 Rg8 29. Qh3 Kg7 30. Rg4+ Kf7 31. Rg6 Qd4 32. Qxh6 Rh8
33. Qg5 Re3 34. Bc2 Qc4 35. Rxd6 Re2 36. Qf6+ Kg8 37. Rd8+
{Black forfeits on time}
1-0

[Event "ICC Open 2015"]
[Site "Internet Chess Club"]
[Date "2015.05.30"]
[Round "3"]
[White "Meditator"]
[Black "chessassassin"]
[Result "0-1"]
[ICCResult "White forfeits on time"]
[WhiteElo "2276"]
[BlackElo "1906"]
[Opening "King's Indian: 3.g3"]
[ECO "E62"]
[NIC "KI.80"]
[Time "14:27:26"]
[TimeControl "180+0"]

1. d4 Nf6 2. c4 g6 3. g3 Bg7 4. Bg2 O-O 5. Nc3 d6 6. Nf3 Bg4 7. O-O Qc8 8.
Re1 Re8 9. e4 e5 10. d5 a5 11. Bg5 Na6 12. Qd2 Nc5 13. Nh4 Bh3 14. Bh1 Ng4
15. Qe2 h6 16. Bd2 Nf6 17. Ng2 Kh7 18. Ne3 Rf8 19. f4 exf4 20. gxf4 Nh5 21.
Nc2 f5 22. e5 dxe5 23. fxe5 f4 24. Nd4 Ra6 25. Bf3 Qd7 26. Kh1 Re8 27. e6
Qe7 28. Ndb5 c6 29. Na3 Nf6 30. Bxf4 cxd5 31. cxd5 b5 32. Naxb5 Bxe6 33.
dxe6 Rxe6 34. Qf2 Rxe1+ 35. Rxe1 Qxe1+ 36. Qxe1 Rxe1+ 37. Kg2 Nd3 38. Bg3
Ra1 39. Na3 Nxb2 40. Nab5 Nc4 41. Bc7 Nd7 42. Kf2 Nc5 43. Nd6 Bxc3 44. Nxc4
Rxa2+ 45. Kg3 a4 46. Bd5 a3 47. Be5 Rc2 48. Bd4 a2 49. Na3 a1=Q 50. Nxc2 Qc1
{White forfeits on time}
0-1

[Event "ICC Open 2015"]
[Site "Internet Chess Club"]
[Date "2015.05.30"]
[Round "3"]
[White "vjibab"]
[Black "Berke"]
[Result "0-1"]
[ICCResult "White forfeits on time"]
[WhiteElo "1783"]
[BlackElo "1503"]
[Opening "Scotch game"]
[ECO "C45"]
[NIC "SO.04"]
[Time "14:27:11"]
[TimeControl "180+0"]

1. e4 e5 2. Nf3 Nc6 3. d4 exd4 4. Nxd4 d6 5. Be2 Be7 6. O-O Nf6 7. Nxc6 bxc6
8. Bf3 Nd7 9. b3 Ba6 10. Re1 Rb8 11. Bb2 Bf6 12. Nc3 O-O 13. Qd2 Ne5 14. Qf4
Rb4 15. Qg3 Ng6 16. a3 Be5 17. Qh3 Rb6 18. Na4 Bc8 19. Bg4 Bxg4 20. Qxg4 Rb7
21. Bxe5 Nxe5 22. Qg3 c5 23. Rad1 Qf6 24. f4 Nc6 25. Nc3 Nd4 26. Nd5 Qd8 27.
Rd2 Kh8 28. f5 f6 29. Nf4 c6 30. Rxd4 cxd4 31. Ne6 Qe7 32. Nxf8 Qxf8 33. Rd1
c5 34. Qf3 Re7 35. Re1 Qe8 36. g3 Re5 {White forfeits on time} 0-1